 Dungeon Crawl Stone Soup version 0.31-a0-703-gcfe89afef6 (webtiles) character file.

Game seed: 2484013382245073037

9902 Ekaitz the Zephyrmancer (level 11, -1/65 HPs)
             Began as a Tengu Air Elementalist on Sept 9, 2023.
             Was an Elder of Vehumet.
             Slain by a troll (4 damage)
             ... while petrified by a basilisk
             ... on level 10 of the Dungeon.
             The game lasted 00:34:58 (11587 turns).

Ekaitz the Zephyrmancer (Tengu Air Elementalist)   Turns: 11587, Time: 00:34:59

Health: -1/65      AC:  8    Str:  9    XL:     11   Next: 53%
Magic:  7/22       EV:  2    Int: 19    God:    Vehumet [****..]
Gold:   539        SH:  0    Dex: 15    Spells: 1/24 levels left

rFire   + . .        I - +2 whip (elec)
rCold   . . .        (no shield)
rNeg    + + +        B - +0 leather armour {rN+}
rPois   ∞            A - +2 hat
rElec   .            R - +1 cloak
rCorr   .            U - +0 pair of gloves
SInv    .            (boots unavailable)
Will    .....        (no amulet)
Stlth   ++           i - ring of protection from fire
HPRegen 0.30/turn    p - ring of poison resistance
MPRegen 0.18/turn

%: acrobat
@: petrified, flying
A: beak, talons 3, evasive flight, acrobatic
a: Renounce Religion


You were on level 10 of the Dungeon.
You worshipped Vehumet.
Vehumet was greatly pleased with you.
You visited 2 branches of the dungeon, and saw 11 of its levels.
You also visited: Bailey.

You collected 539 gold pieces.

Inventory:

Hand Weapons
 h - a +4 war axe
 z - a +1 short sword of holy wrath
 H - a +7 broad axe
 I - a +2 whip of electrocution (weapon)
 O - a +1 war axe of venom
Missiles
 a - 16 boomerangs
 F - 3 curare-tipped darts
 X - 28 poisoned darts
Armour
 o - a +2 tower shield
 x - a scarf of invisibility
 A - a +2 hat (worn)
 B - a +0 leather armour of positive energy (worn)
 R - a +1 cloak (worn)
 U - a +0 pair of gloves (worn)
Magical Staves
 u - a staff of poison
 S - a staff of conjuration
 Z - a staff of fire
Jewellery
 i - a ring of protection from fire (left hand)
 p - a ring of poison resistance (right hand)
Talismans
 d - a flux talisman
 e - a talisman of death
 T - a beast talisman
Wands
 v - a wand of polymorph (12)
 w - a wand of charming (26)
 C - a wand of flame (21)
 L - a wand of iceblast (14)
Scrolls
 f - 6 scrolls of immolation {unknown}
 k - 6 scrolls of fog {unknown}
 l - 12 scrolls of teleportation {unknown}
 m - 3 scrolls of noise {unknown}
 q - 3 scrolls of amnesia {unknown}
 s - a scroll of blinking
 t - a scroll of butterflies
 y - 3 scrolls of fear {unknown}
 G - a scroll of enchant armour
 J - a scroll of torment {unknown}
 K - a scroll of enchant weapon {unknown}
 M - a scroll of acquirement
 N - a scroll of vulnerability
 V - a scroll of revelation
Potions
 b - a potion of magic
 c - a potion of resistance
 g - a potion of curing
 j - 4 potions of lignification {unknown}
 n - 2 potions of invisibility
 r - a potion of might
 D - a potion of attraction
 E - 2 potions of enlightenment
 P - 3 potions of ambrosia
 W - 3 potions of heal wounds
 Y - 4 potions of cancellation
Miscellaneous
 Q - a tin of tremorstones (2/2)


   Skills:
 * Level 6.3 Fighting
 + Level 0.5 Short Blades
 + Level 0.4 Axes
 + Level 0.1(0.3) Maces & Flails
 + Level 2.7 Armour
 * Level 6.6 Dodging
 + Level 3.3 Stealth
 + Level 7.0 Spellcasting
 * Level 9.0 Conjurations
 * Level 1.1 Translocations
 * Level 4.5 Fire Magic
 * Level 3.8 Ice Magic
 * Level 12.6 Air Magic


You had one spell level left.
You knew the following spells:

 Your Spells              Type           Power      Damage    Failure   Level
a - Shock                 Conj/Air       100%       1d9       1%          1
b - Static Discharge      Conj/Air       94%        2-6/arc   1%          2
c - Swiftness             Air            53%        N/A       1%          3
d - Airstrike             Air            26%        2d(4-20)  1%          4
e - Freezing Cloud        Conj/Ice/Air   19%        6-21      3%          5
f - Foxfire               Conj/Fire      100%       2x1d9     1%          1
g - Scorch                Fire           46%        2d6       1%          2
h - Volatile Blastmotes   Fire/Tloc      34%        2d12      3%          3
k - Blink                 Tloc           22%        N/A       13%         2

Your spell library contained the following spells:

 Spells                   Type           Power      Damage    Failure   Level
 Apportation              Tloc           22%        N/A       9%          1
 Necrotise                Necr           24%        1d5       14%         1
 Summon Small Mammal      Summ           24%        N/A       14%         1
 Momentum Strike          Conj/Tloc      52%        3d9       1%          2
 Cigotuvi's Dreadful Rot  Necr/Pois/Air  44%        N/A       3%          2
 Ignite Poison            Fire/Tmut/Pois 12%        N/A       6%          3
 Lesser Beckoning         Tloc           22%        N/A       13%         2
 Leda's Unmaking          Conj/Erth      11%        9d3       58%         6
 Lee's Rapid Deconstruct  Erth           3%         3d5*      65%         5
 Leda's Liquefaction      Hex/Erth       3%         N/A       80%         4


Dungeon Overview and Level Annotations

Branches:
Dungeon (10/15)            Temple (1/1) D:5          Bailey (visited)
   Lair: D:8-11         Orc: D:9-12

Altars:
Ashenzari
Cheibriados
Dithmenos
Elyvilon
Fedhas
Gozag
Hepliaklqana
Kikubaaqudgha
Makhleb
Nemelex Xobeh
Okawaru
Qazlal
Ru
Sif Muna
Trog
Uskayaw
Vehumet
Wu Jian
Xom
Yredelemnul
Zin
The Shining One

Shops:
D:8 *


Innate Abilities, Weirdness & Mutations

You have a beak for a mouth.
You have claws for feet.
Your magical flight helps you evade attacks. (EV +4)
You can magically evade attacks while moving or waiting.


Message History

Press: ? - help, Dir - move target, f - basilisk
Aim: a basilisk (heavily wounded, empty space bonus: 6/8)
The air twists around and strikes the basilisk.
The basilisk is severely wounded.
The foxfire hits the troll.
The troll is almost dead.
The foxfire hits the troll.
The troll is almost dead.
The troll barely misses you. The troll claws you.
The troll claws you but does no damage. The basilisk gazes at you.
You resist with some effort.
You have turned to stone.
The troll bites you! The troll claws you but does no damage.
The troll claws you. The troll bites you! The troll claws you.
The troll claws you but does no damage. The basilisk gazes at you.
You resist with some effort. The troll bites you but does no damage.
The troll claws you but does no damage. The troll barely misses you.
The troll bites you but does no damage. The troll claws you! x2
The basilisk bites you but does no damage.
The troll bites you! The troll claws you!
The troll claws you but does no damage. The basilisk bites you!
The troll bites you! The troll claws you.
* * * LOW HITPOINT WARNING * * *
The troll claws you.
* * * LOW HITPOINT WARNING * * *
The basilisk bites you!
* * * LOW HITPOINT WARNING * * *
The troll bites you!
* * * LOW HITPOINT WARNING * * *
The troll claws you but does no damage. x2
The basilisk gazes at you. The troll bites you.
The troll claws you but does no damage. The troll claws you.
* * * LOW HITPOINT WARNING * * *
The basilisk gazes at you. The troll bites you!
You die...

#...#.......)...#..............
#...#...........+..............
#...##...........†..##...h.....
#...##+#........######.........
#...........8.......#..........
#...................#.W........
#...............##..##....<....
#...............##'###........
#...##..v##..T@l†.............
#...#######........†..........
#....#....+...................
##..##....#...................
##........#.....##..##........
#...............######.....~..
#................ ......~..
##..##...8....... ....~..
##'####.........#


You could see a troll and a basilisk.

Vanquished Creatures
  An orc warlord (Bailey)
  A two-headed ogre (D:9)
  The ghost of Wurlitzer the Shooter, a novice BaHu (D:5)
  A komodo dragon (D:10)
  A troll (D:9)
  Grinder (D:3)
  A wraith (D:10)
  4 wyverns
  13 yaks
  A steam dragon (D:6)
  3 water moccasins
  11 orc warriors
  2 sky beasts
  A meliai simulacrum (D:10)
  3 black bears
  2 wolves (D:10)
  3 phantoms
  4 kobold brigands
  4 bullfrogs
  2 scorpions (D:5)
  3 wights (D:8)
  The ghost of jakob the Grave Robber, a weakling TrNe of Ru (D:3)
  4 jellies (D:5)
  11 killer bees
  An electric eel (D:10)
  3 howler monkeys (D:8)
  Crazy Yiuf (D:7)
  2 hounds (D:5)
  5 orc priests
  3 iguanas (D:5)
  Jessica (D:2)
  2 sleepcaps
  Ijyb (D:3)
  5 orc wizards
  A centaur simulacrum (D:10)
  Robin (D:2)
  7 gnolls
  15 adders
  A shadow imp (D:5)
  3 white imps (D:10)
  3 ufetubi (D:10)
  2 worms
  2 dart slugs
  55 orcs
  10 endoplasms
  2 giant cockroaches (D:3)
  18 goblins
  12 hobgoblins
  A jackal (D:2)
  A quokka (D:3)
  2 ball pythons
  3 bats
  A frilled lizard (D:3)
  32 kobolds
  4 rats (D:1)
279 creatures vanquished.

Vanquished Creatures (others)
  An angel (D:5)
  136 foxfires
137 creatures vanquished.

Grand Total: 416 creatures vanquished

Notes
Turn   | Place    | Note
-------+----------+-------------------------------------------
     0 | D:1      | Ekaitz the Tengu Air Elementalist began the quest for the
                  | Orb.
     0 | D:1      | Reached XP level 1. HP: 10/10 MP: 4/4
   340 | D:1      | Reached XP level 2. HP: 15/15 MP: 1/6
   343 | D:1      | Learned a level 2 spell: Static Discharge
   995 | D:1      | Reached XP level 3. HP: 20/20 MP: 2/7
  1072 | D:2      | Noticed Robin
  1083 | D:2      | Reached skill level 5 in Air Magic
  1168 | D:2      | Killed Robin
  1169 | D:2      | Reached XP level 4. HP: 3/24 MP: 0/8
  1372 | D:2      | Noticed Jessica
  1379 | D:2      | Killed Jessica
  1380 | D:2      | Reached skill level 1 in Fighting
  1574 | D:2      | Learned a level 3 spell: Swiftness
  1809 | D:2      | Reached XP level 5. HP: 26/29 MP: 1/9
  2113 | D:3      | Noticed Ijyb
  2217 | D:3      | Found a runed translucent gate.
  2217 | D:3      | Found a runed translucent gate.
  2217 | D:3      | Found a runed translucent gate.
  2220 | D:3      | Noticed Grinder
  2500 | D:3      | Noticed a kobold brigand
  2502 | D:3      | Noticed jakob's ghost (weakling TrNe)
  2552 | D:3      | Found a shadowy altar of Dithmenos.
  3142 | D:4      | Noticed a black bear
  3216 | D:3      | Killed Ijyb
  3318 | D:3      | Killed a black bear
  3319 | D:3      | Reached skill level 6 in Air Magic
  3319 | D:3      | Reached XP level 6. HP: 11/35 MP: 2/11
  3683 | D:4      | Learned a level 4 spell: Airstrike
  4142 | D:5      | Entered Level 5 of the Dungeon
  4142 | D:5      | Found a staircase to the Ecumenical Temple.
  4162 | Temple   | Entered the Ecumenical Temple
  4247 | Temple   | Became a worshipper of Vehumet
  4346 | D:5      | Found a sparkling altar of Nemelex Xobeh.
  4421 | D:5      | Gained mutation: Your magical flight helps you evade
                  | attacks. (EV +4) [Tengu growth]
  4421 | D:5      | Reached XP level 7. HP: 40/40 MP: 6/13
  4508 | D:5      | Found a runed translucent door.
  4763 | D:5      | Reached skill level 5 in Conjurations
  4945 | D:5      | Reached skill level 7 in Air Magic
  4977 | D:5      | Killed an angel
  5117 | D:5      | Noticed Wurlitzer's ghost (novice BaHu)
  5233 | D:5      | Found a shimmering altar of Xom.
  5284 | D:5      | Reached XP level 8. HP: 14/45 MP: 0/14
  5417 | D:5      | Found a glowing silver altar of Zin.
  5458 | D:5      | Reached skill level 1 in Armour
  5842 | D:3      | Killed jakob's ghost
  5857 | D:3      | Reached skill level 8 in Air Magic
  5988 | D:3      | Paralysed by Grinder for 4 turns
  6003 | D:3      | Killed Grinder
  6161 | D:5      | Killed Wurlitzer's ghost
  6310 | D:6      | Reached XP level 9. HP: 51/51 MP: 6/17
  6316 | D:6      | Learned a level 5 spell: Freezing Cloud
  6477 | D:6      | Reached * piety under Vehumet
  6477 | D:6      | Offered knowledge of Foxfire by Vehumet.
  6478 | D:6      | Reached skill level 9 in Air Magic
  6480 | D:6      | Learned a level 1 spell: Foxfire
  6550 | D:6      | Reached skill level 1 in Fire Magic
  6816 | D:6      | Reached skill level 1 in Ice Magic
  6817 | D:6      | Reached skill level 5 in Dodging
  7433 | D:7      | Reached skill level 5 in Spellcasting
  7572 | D:7      | Reached skill level 10 in Air Magic
  7796 | D:7      | Found a stormy altar of Qazlal.
  7824 | D:7      | Offered knowledge of Scorch by Vehumet.
  7830 | D:7      | Learned a level 2 spell: Scorch
  8129 | D:7      | Found a runed translucent door.
  8130 | D:7      | Noticed Crazy Yiuf
  8142 | D:7      | Killed Crazy Yiuf
  8373 | D:8      | Reached ** piety under Vehumet
  8572 | D:8      | Reached XP level 10. HP: 58/58 MP: 13/19
  8579 | D:8      | Found Jit Vua's CLEARANCE SALE!.
  8852 | D:8      | Offered knowledge of Mephitic Cloud by Vehumet.
  8940 | D:8      | Reached skill level 11 in Air Magic
  9033 | D:8      | Reached skill level 5 in Fighting
  9248 | D:8      | Reached *** piety under Vehumet
  9845 | D:9      | Offered knowledge of Iskenderun's Mystic Blast by Vehumet.
  9973 | D:9      | Noticed a two-headed ogre
  9979 | D:9      | Killed a two-headed ogre
 10094 | D:9      | Reached XP level 11. HP: 64/64 MP: 16/21
 10097 | D:9      | Reached skill level 12 in Air Magic
 10099 | D:9      | Reached **** piety under Vehumet
 10203 | D:9      | Found a flagged portal.
 10222 | Bailey   | Entered a bailey
 10238 | Bailey   | Noticed an orc warlord
 10264 | Bailey   | Offered knowledge of Volatile Blastmotes by Vehumet.
 10269 | Bailey   | Learned a level 3 spell: Volatile Blastmotes
 10403 | Bailey   | Found a runed translucent gate.
 10405 | Bailey   | Found a runed translucent gate.
 10413 | Bailey   | Found a runed translucent gate.
 10605 | Bailey   | Killed an orc warlord
 11153 | D:10     | Entered Level 10 of the Dungeon
 11315 | D:10     | Reached skill level 1 in Translocations
 11464 | D:10     | Learned a level 2 spell: Blink
 11586 | D:10     | HP: 3/65 [troll (2)]
 11587 | D:10     | Slain by a troll

Illustrated notes

Levels and vault maps discovered:
D:1:      amcnicky_arrival_abandoned_market, layout_basic, serial_corexii_hall,
          chequers_hall_statues_corner_a, corexii_hall_statues_x,
          corexii_hall_statues_x, chequers_hall_statues_corner_a
D:2:      layout_loops_ring, st_stairs_11, kennysheep_nondescript,
          amcnicky_mini_corridor_feature, minmay_tetromino_i4, uniq_robin,
          uniq_jessica
D:3:      layout_loops_cross, nicolae_overflow_crystal_walls,
          gammafunk_ghost_nasty_kobolds, eino_tiny_chamber, uniq_ijyb,
          uniq_grinder
D:4:      layout_rooms
D:5:      layout_gridville, nemelex_diamond_rough_becter,
          grunt_temple_overflow_order_and_chaos_1, minmay_temple_entry_junction,
          ebering_ghost_sewer_d
D:6:      black_bear_nest_1, layout_loops_cross, grunt_decor_arrowhead,
          hex_large, serial_bayou_pond_d
D:7:      layout_loops_ring, old_standard_altar, chequers_serial_rivers_micro_b,
          uniq_crazy_yiuf_cottage
D:8:      kennysheep_blocky_hall, layout_cave_pools, special_room
          [special_room_orc], serial_park, serial_park_tiny_2,
          serial_park_tiny_1, serial_park_tiny_1, nicolae_two_hexagons,
          nicolae_shop_clearance
D:9:      layout_roguey, enter_bailey_8, nicolae_the_louvre
D:10:     layout_gridville, minmay_lair_entry_grove, serial_ice, serial_ice_o,
          serial_ice_f, serial_ice_k, serial_ice_h
Temple:   minmay_crystal_spiral_temple

Skill      XL: |  1  2  3  4  5  6  7  8  9 10 11 |
---------------+----------------------------------+-----
Air Magic      | 5 6 7 8 10 11 12 | 12.6
Conjurations   | 2 3 4 5 6 7 8 9 |  9.0
Fighting       | 1 2 3 4 5 6 |  6.3
Spellcasting   | 3 4 5 6 7 |  7.0
Dodging        | 3 4 5 6 |  6.6
Armour         | 2 |  2.7
Fire Magic     | 2 3 4 |  4.5
Ice Magic      | 2 3 |  3.8
Stealth        | 3 |  3.3
Translocations | 1 |  1.1
Short Blades   | |  0.5
Axes           | |  0.4
Maces & Flails | |  0.1

Action                     |  1- 3 |  4- 6 |  7- 9 | 10-12 || total
---------------------------+-------+-------+-------+-------++-------
  Melee: Dagger            |     3 |    15 |    24 |       ||    42
         Kick              |       |     1 |    11 |     6 ||    18
         Peck              |       |     3 |     5 |     4 ||    12
         Hand axe          |       |       |     3 |       ||     3
         Punch             |       |       |     1 |     2 ||     3
         Whip              |       |       |    11 |    24 ||    35
   Cast: Shock             |    37 |   120 |   111 |   119 ||   387
         Static Discharge  |     3 |    10 |    32 |    17 ||    62
         Airstrike         |       |     1 |    15 |    23 ||    39
         Foxfire           |       |       |    25 |    54 ||    79
         Scorch            |       |       |     2 |    13 ||    15
         Freezing Cloud    |       |       |     1 |    10 ||    11
         Volatile Blastmot |       |       |       |     3 ||     3
         Blink             |       |       |       |     2 ||     2
    Use: Potion            |       |     1 |       |       ||     1
         Scroll            |       |       |       |    15 ||    15
   Stab: Sleeping          |     1 |     3 |     2 |     1 ||     7
 Armour: Robe              |    10 |    32 |       |       ||    42
         Leather armour    |       |     4 |    31 |    65 ||   100
  Dodge: Dodged            |    23 |    50 |    71 |    90 ||   234

Table legend: (Time is in decaauts)
 A = Elapsed time spent in this place.
 B = Non-inter-level travel time spent in this place.
 C = Inter-level travel time spent in this place.
 D = Time resting spent in this place.
 E = Time spent auto-exploring this place.
 F = Levels seen in this place.
 G = Mean time per level.
                   A        B        C        D        E       F      G
               +--------+--------+--------+--------+--------+-----+--------+
         Total |  11593 |  11113 |    480 |    596 |   8373 |  12 |  966.1 |
       Dungeon |  10938 |  10537 |    401 |    583 |   8117 |  10 | 1093.8 |
        Temple |    127 |     48 |     79 |      0 |     43 |   1 |  127.0 |
        Bailey |    526 |    526 |      0 |     13 |    213 |   1 |  526.0 |
               +--------+--------+--------+--------+--------+-----+--------+

Top non-repeatable levels by time:
     D:5: 1682 daAuts
     D:3: 1601 daAuts
     D:8: 1303 daAuts
     D:1: 1134 daAuts
     D:6: 1118 daAuts
     D:9: 1007 daAuts
     D:2: 970 daAuts
     D:7: 964 daAuts
     D:4: 769 daAuts
  Bailey: 526 daAuts
    D:10: 386 daAuts
  Temple: 127 daAuts
